 Dungeon Crawl Stone Soup version 0.25-a0-290-g4a1327ee3a (webtiles) character file.

Game seed: 12095066789432596314, levelgen mode: classic

13777 Borgoz the Slicer (level 12, -31/77 HPs)
             Began as a Kobold Fighter on Dec 15, 2019.
             Was a Follower of Ashenzari.
             Killed from afar by a deep elf mage (33 damage)
             ... with a bolt of cold
             ... in a bailey.
             The game lasted 00:23:38 (12361 turns).

Borgoz the Slicer (Kobold Fighter)                 Turns: 12361, Time: 00:23:39

Health: -31/77     AC: 18    Str: 23    XL:     12   Next: 36%
Magic:  12/12      EV: 19    Int: 10    God:    Ashenzari [*.....]
Gold:   699        SH:  9    Dex: 14    Spells: 11/11 levels left

rFire    + . .     SeeInvis .   a - +5 rapier
rCold    x . .     Gourm    .   c - +0 shield
rNeg     . . .     Faith    .   i - +1 leather armour of Byepnoal {MR+ Str+5 Int-2} (curse)
rPois    +         Spirit   .   s - +1 helmet
rElec    .         Reflect  .   n - +1 cloak {rPois}
rCorr    .         Harm     .   l - +0 pair of gloves
MR       +....                  h - +1 pair of boots
Stlth    +.........             (no amulet)
HPRegen  0.22/turn              y - +4 ring of protection
MPRegen  0.13/turn              j - ring of fire

@: no status effects
A: small, talons 1, carnivore, clever 1, poison resistance
a: Curse Item, Scrying, Renounce Religion


You were in a bailey.
You worshipped Ashenzari.
Ashenzari was aware of your devotion.
You were very full.

You visited 2 branches of the dungeon, and saw 11 of its levels.
You also visited: Ossuary and Bailey.

You collected 874 gold pieces.
You spent 175 gold pieces at shops.

Inventory:

Hand Weapons
 a - a +5 rapier (weapon)
 b - a +1 dagger of venom
Missiles
 F - 5 throwing nets (quivered)
Armour
 c - a +0 shield (worn)
 h - a +1 pair of boots (worn)
 i - the cursed +1 leather armour of Byepnoal (worn) {MR+ Str+5 Int-2}
   (You bought it in a shop on level 4 of the Dungeon)

   It affects your strength (+5).
   It affects your intelligence (-2).
   It affects your resistance to hostile enchantments.
   It has a curse placed upon it.
 l - a +0 pair of gloves (worn)
 n - a +1 cloak of poison resistance (worn)
 s - a +1 helmet (worn)
 w - the cursed +0 plate armour of the City {MR+ rCorr}
   (You found it on level 8 of the Dungeon)

   It affects your resistance to hostile enchantments.
   It provides partial protection from all sources of acid and corrosion.
   It has a curse placed upon it.
 C - a +2 ring mail of cold resistance
Jewellery
 j - a ring of fire (right hand)
 q - an uncursed ring of positive energy
 v - a +5 ring of intelligence
 y - a +4 ring of protection (left hand)
Wands
 d - a wand of random effects (19)
 t - a wand of acid (3)
 A - a wand of enslavement (6)
 D - a wand of polymorph (6)
 E - a wand of disintegration (8)
Scrolls
 e - 3 scrolls of remove curse
 g - 3 scrolls of magic mapping
 r - a scroll of amnesia
 u - a scroll of teleportation
Potions
 k - a potion of berserk rage {unknown}
 m - 2 potions of resistance
 o - a potion of magic
 p - a potion of ambrosia {unknown}
 x - a potion of brilliance
Comestibles
 f - 20 rations
 z - 12 chunks of flesh


   Skills:
 + Level 10.2 Fighting
 + Level 11.6 Short Blades
 * Level 10.2 Armour
 + Level 10.4 Dodging
 - Level 2.4 Shields


You had 11 spell levels left.
You didn't know any spells.
Your spell library was empty.

Dungeon Overview and Level Annotations

Branches:
Dungeon (10/15)            Temple (1/1) D:6             Orc (0/2) D:10
Ossuary (visited)          Bailey (1/1)
   Lair: D:8-11

Altars:
Ashenzari
Cheibriados
Dithmenos
Elyvilon
Fedhas
Gozag
Hepliaklqana
Kikubaaqudgha
Makhleb
Nemelex Xobeh
Okawaru
Qazlal
Ru
Sif Muna
Trog
Uskayaw
Vehumet
Wu Jian
Xom
Yredelemnul
Zin
The Shining One

Shops:
D:4 [   D:8 :   D:9 (


Innate Abilities, Weirdness & Mutations

You are small and have problems with some larger weapons.
You are carnivorous and can eat meat at any time.
You have sharp toenails.
Your mind is acute. (Int +2)
Your system is resistant to poisons. (rPois)


Message History

You hit the deep elf mage.
The deep elf mage is almost dead.
The deep elf mage hits you but does no damage.
The deep elf mage gestures at you while chanting.
The bolt of cold hits you!!!
You feel a terrible chill!
Ouch! That really hurt!
* * * LOW HITPOINT WARNING * * *
Okay, then.
Okay, then.
Okay, then.
Evoke which item? (* to show all) (? for menu, Esc to quit)
Aiming: Corrosive Bolt
Press: ? - help, Shift-Dir - straight line, f - deep elf mage
Aim: a deep elf mage, wielding a +0 short sword (almost dead)
The bolt of acid misses the deep elf mage.
The ice beast hits you but does no damage.
The deep elf mage hits you but does no damage.
The deep elf mage casts a spell at you. The bolt of cold hits you!!
You feel a terrible chill!
You die...

#..##..∩..##..##
....#.....#....#
....##...##.)..#
#.)######'##..##
+##...###...######
#.....#....)##..##
#.....#..∩..#....#
#.....#.....#.ee.#
##....#....###Y@#
#####)##### #'##
##....#....###..##
#.....#.....#....#
#.....#.....#....#
#.....#.....##..##
###...###...##'###
#..###'#####..##
....##...##....#


You could see 2 deep elf magi and an ice beast.

Vanquished Creatures
  2 two-headed ogres (D:9)
  7 deep elf magi (Bailey)
  A cyclops (D:9)
  Joseph (D:8)
  3 centaur zombies
  2 hellwings (D:7)
  Grinder (D:3)
  A troll (D:9)
  Sigmund (D:4)
  2 wyverns (D:9)
  A spriggan (D:7)
  11 yaks (D:9)
  Edmund (D:6)
  Menkaure (D:4)
  A water moccasin (D:7)
  4 orc warriors
  2 sky beasts
  A centaur (D:5)
  An eye of draining (shapeshifter) (D:9)
  2 ogres
  Blork the orc (D:4)
  9 bullfrogs
  A gnoll sergeant (D:7)
  2 water moccasin zombies
  11 killer bees
  4 howler monkeys
  3 crimson imps
  2 quasits (D:7)
  A bullfrog skeleton (D:6)
  A gnoll shaman (D:9)
  3 hounds
  5 jellies
  6 orc priests
  Crazy Yiuf (D:3)
  4 centaur skeletons
  2 iguanas (D:7)
  6 orc wizards
  12 worker ants
  3 hound zombies
  8 mummies (Ossuary)
  26 gnolls
  12 adders
  A howler monkey skeleton (D:7)
  7 shadow imps
  3 oozes
  2 worms
  A dart slug (D:2)
  6 leopard geckos
  34 orcs
  2 giant cockroaches
  5 goblins
  3 hobgoblins
  7 jackals
  6 kobolds
  6 quokkas
  3 ball pythons
  8 bats
  2 frilled lizards
  2 hobgoblin zombies (Ossuary)
  6 kobold zombies (Ossuary)
  A leopard gecko skeleton (D:5)
  A quokka skeleton (D:7)
  6 rats
281 creatures vanquished.

Notes
Turn   | Place    | Note
-------+----------+-------------------------------------------
     0 | D:1      | Borgoz the Kobold Fighter began the quest for the Orb.
     0 | D:1      | Reached XP level 1. HP: 14/14 MP: 1/1
   345 | D:1      | Reached skill level 3 in Short Blades
   345 | D:1      | Reached XP level 2. HP: 19/19 MP: 2/2
   418 | D:1      | Reached skill level 1 in Dodging
  1000 | D:2      | Reached XP level 3. HP: 22/23 MP: 3/3
  1371 | D:2      | Reached XP level 4. HP: 25/29 MP: 4/4
  1730 | D:2      | Found a shimmering altar of Xom.
  2318 | D:3      | Reached XP level 5. HP: 28/33 MP: 5/5
  2325 | D:3      | Reached skill level 4 in Short Blades
  2798 | D:3      | Found a runed translucent door.
  2799 | D:3      | Noticed Crazy Yiuf
  2834 | D:3      | Noticed Grinder
  2847 | D:3      | Paralysed by Grinder for 6 turns
  2880 | D:3      | Paralysed by Grinder for 5 turns
  2894 | D:3      | Gained mutation: You have sharp toenails. [potion of
                  | mutation]
  2894 | D:3      | Gained mutation: Your system is resistant to poisons.
                  | (rPois) [potion of mutation]
  2894 | D:3      | Gained mutation: Your mind is acute. (Int +2) [potion of
                  | mutation]
  2898 | D:3      | Killed Grinder
  2898 | D:3      | Reached XP level 6. HP: 6/40 MP: 6/6
  3315 | D:3      | Killed Crazy Yiuf
  3315 | D:3      | Reached skill level 5 in Short Blades
  3315 | D:3      | Reached XP level 7. HP: 33/44 MP: 7/7
  3348 | D:4      | Noticed Sigmund
  3348 | D:4      | Noticed Menkaure
  3399 | D:3      | Reached skill level 5 in Fighting
  3594 | D:4      | Killed Menkaure
  3805 | D:4      | Killed Sigmund
  3805 | D:4      | Reached skill level 6 in Short Blades
  3805 | D:4      | Reached XP level 8. HP: 29/51 MP: 8/8
  3948 | D:4      | Noticed Blork the orc
  3966 | D:4      | Killed Blork the orc
  3966 | D:4      | Reached skill level 5 in Dodging
  4033 | D:4      | Found Sarodits's Antique Armour Boutique.
  4041 | D:4      | Bought a crude leather armour for 175 gold pieces
  4051 | D:4      | Identified the cursed +1 leather armour of Byepnoal {MR+
                  | Str+5 Int-2} (You bought it in a shop on level 4 of the
                  | Dungeon)
  4708 | D:5      | Entered Level 5 of the Dungeon
  5354 | D:5      | Reached skill level 5 in Armour
  5916 | D:6      | Reached skill level 7 in Short Blades
  5943 | D:6      | Found a sand-covered staircase.
  5989 | D:6      | Reached XP level 9. HP: 40/56 MP: 9/9
  6085 | Ossuary  | Entered an ossuary
  6829 | D:6      | Found a staircase to the Ecumenical Temple.
  6850 | Temple   | Entered the Ecumenical Temple
  6957 | Temple   | Became a worshipper of Ashenzari the Shackled
  7159 | D:6      | Found a shadowy altar of Dithmenos.
  7174 | D:6      | Noticed Edmund
  7175 | D:6      | Found a glowing silver altar of Zin.
  7193 | D:6      | Killed Edmund
  7249 | D:6      | Reached skill level 8 in Short Blades
  8037 | D:7      | Reached XP level 10. HP: 8/63 MP: 10/10
  8339 | D:7      | Identified the +2 robe of Mekhlizxu {+Inv MP+9}
  8515 | D:7      | Reached skill level 9 in Short Blades
  8950 | D:8      | Identified the cursed +0 plate armour of the City {MR+
                  | rCorr}
  9518 | D:8      | Reached XP level 11. HP: 69/69 MP: 11/11
  9573 | D:8      | Reached skill level 10 in Short Blades
  9584 | D:8      | Noticed Joseph
  9605 | D:8      | Killed Joseph
  9829 | D:8      | Reached * piety under Ashenzari
 10253 | D:8      | Found Bezorcheop's Book Boutique.
 10675 | D:9      | Found Sekupoole's Weapon Boutique.
 10682 | D:9      | Noticed a two-headed ogre
 10688 | D:9      | Killed a two-headed ogre
 11065 | D:9      | Noticed a cyclops
 11099 | D:9      | Killed a cyclops
 11313 | D:9      | Reached skill level 11 in Short Blades
 11709 | D:9      | Noticed a two-headed ogre
 11721 | D:9      | Killed a two-headed ogre
 11721 | D:9      | Reached XP level 12. HP: 59/77 MP: 12/12
 11745 | D:10     | Entered Level 10 of the Dungeon
 11750 | D:10     | Found a flagged portal.
 11901 | D:10     | Reached skill level 10 in Dodging
 11956 | D:10     | Found a staircase to the Orcish Mines.
 12100 | Bailey   | Entered a bailey
 12213 | Bailey   | Reached skill level 10 in Fighting
 12218 | Bailey   | Reached skill level 10 in Armour
 12304 | Bailey   | Noticed a sun demon
 12360 | Bailey   | HP: 1/77 [deep elf mage/bolt of cold (40)]
 12361 | Bailey   | Killed from afar by a deep elf mage

Levels and vault maps discovered:
D:1:      beargit_arrival_greenhouse, layout_basic, nrook_loot_triangle
D:2:      layout_basic, nicolae_overflow_crystal_walls, grunt_ministairs_4,
          corexii_shack
D:3:      layout_rooms, uniq_crazy_yiuf_cottage, uniq_grinder
D:4:      layout_basic, serial_shops, shop, uniq_sigmund, uniq_menkaure,
          uniq_blork_the_orc
D:5:      layout_basic, first_ration, lemuel_flame_loot_1
D:6:      layout_basic, minmay_temple_entry_drinking_statues, basic_altar,
          lightli_ossuary_entry_decrepit_ruins, grunt_dithmenos_shadows,
          uniq_edmund
D:7:      cheibrodos_barr_body, layout_cave_pools, the_bakery, minmay_checkerbox
D:8:      cheibrodos_grave_circle, layout_rooms, serial_shops,
          kennysheep_little_box, uniq_joseph
D:9:      layout_rooms, serial_shops, nicolae_shop_crystal, minivault_20
D:10:     layout_basic, erik_lair_dragon, orc_0_dummy, enter_bailey_8
Temple:   kilobyte_greek_temple
Bailey:   bailey_polearm_3, bailey

Skill      XL: |  1  2  3  4  5  6  7  8  9 10 11 12 |
---------------+-------------------------------------+-----
Short Blades   | 3 4 5 6 7 8 9 11 | 11.6
Dodging        | 1 2 3 4 5 7 8 9 10 | 10.4
Fighting       | 4 5 6 7 8 9 10 | 10.2
Armour         | 3 4 5 6 8 9 10 | 10.2
Shields        | |  2.4

Action                   |  1- 3 |  4- 6 |  7- 9 | 10-12 || total
-------------------------+-------+-------+-------+-------++-------
Melee: Rapier            |   103 |   155 |   493 |   725 ||  1476
       Dagger            |       |       |    15 |       ||    15
Evoke: Wand              |       |       |     4 |    21 ||    25
  Use: Potion            |     1 |     9 |     2 |    12 ||    24
       Scroll            |       |     1 |    13 |     7 ||    21
 Stab: Invisible         |       |     1 |     2 |       ||     3
       Sleeping          |       |       |     1 |       ||     1
       Paralysed         |       |       |     7 |     5 ||    12
  Eat: Chunk             |    10 |     5 |    17 |    14 ||    46
Armor: Scale mail        |    43 |    48 |    38 |       ||   129
       Skin              |       |    42 |       |    99 ||   141
       Leather armour    |       |       |    70 |   175 ||   245
Dodge: Dodged            |    39 |    59 |   217 |   472 ||   787
Block: Shield            |    41 |    75 |   211 |   445 ||   772

Table legend:
 A = Non-vault XP
 B = Vault XP
 C = Vault XP percentage of total XP
 D = Non-vault monster count
 E = Vault monster count
 F = Vault count percentage of total count
                 A         B        C        D         E       F
            +---------+---------+-------+---------+---------+-------
      Total |   10050 |    9632 |  48.9 |     221 |      60 |  21.4
            +---------+---------+-------+---------+---------+-------
        D:1 |      25 |       0 |   0.0 |      14 |       0 |   0.0
        D:2 |      83 |       6 |   6.7 |      15 |       3 |  16.7
        D:3 |     167 |     340 |  67.1 |      24 |       2 |   7.7
        D:4 |     389 |     491 |  55.8 |      25 |       3 |  10.7
        D:5 |     272 |       0 |   0.0 |       8 |       0 |   0.0
        D:6 |    1318 |     189 |  12.5 |      29 |       2 |   6.5
        D:7 |    1026 |    1393 |  57.6 |      40 |      17 |  29.8
        D:8 |     865 |    2571 |  74.8 |      15 |       8 |  34.8
        D:9 |    5800 |     612 |   9.5 |      45 |       2 |   4.3
       D:10 |     105 |       0 |   0.0 |       6 |       0 |   0.0
    Ossuary |       0 |     148 | 100.0 |       0 |      16 | 100.0
     Bailey |       0 |    3882 | 100.0 |       0 |       7 | 100.0
            +---------+---------+-------+---------+---------+-------
